[Event "Polish Youth Ekstraliga 2022"]
[Site "Lublin"]
[Date "2022.06.29"]
[Round "5.20"]
[White "Wilk, Igor"]
[Black "Krawczyk, Flawian"]
[Result "0-1"]
[ECO "B50"]
[WhiteElo "1824"]
[BlackElo "2212"]
[Annotator "TA"]
[PlyCount "78"]
[EventDate "2022.06.24"]
[EventType "team-tourn"]
[EventCountry "POL"]
[SourceTitle "playchess.com"]
[Source "ChessBase"]
[SourceQuality "1"]
[TimeControl "40/5400+30:1800+30"]

1. e4 c5 2. Nf3 d6 3. Bc4 Nf6 4. d3 Nc6 5. c3 e6 6. Bb3 Be7 7. O-O O-O 8. Re1 Re8 {[%emt 0:06:44] B50: Sicilian: 2...d6, Miscellaneous.} 9. Nbd2 d5 10. e5 Nd7 {[%emt 0:00:15] The position is equal.} 11. d4 {[%emt 0:00:08] [#]} Nf8 $146 ({Predecessor:} 11... b5 12. Nf1 b4 13. Ba4 Qc7 14. Bg5 Bf8 15. cxb4 cxb4 16. Rc1 Bb7 17. Qd3 Rec8 {1-0 (32) Perunovic,M (2550)-Libiszewski,F (2451) Cappelle la Grande 2004}) 12. Nf1 (12. dxc5 $14 {was preferrable.} Bxc5 13. Bc2) 12... c4 (12... cxd4 $11 {keeps the balance.} 13. cxd4 a5) 13. Bc2 $16 b5 14. g3 b4 15. h4 Rb8 16. Ng5 ({White should try} 16. Bd2 $16) 16... bxc3 17. bxc3 h6 18. Qh5 hxg5 $11 19. hxg5 g6 (19... Qa5 $5 20. Re3 Ba3 $14) 20. Qh4 Nh7 21. f4 Bb4 22. Bd2 (22. Re2 $1 $16 {[%cal Re2h2] And now Rh2 would win.} Bxc3 23. Rh2 Bxd4+ 24. Kg2) 22... Nxd4 $1 23. cxd4 Bxd2 $1 (23... Qb6 $2 24. Rab1 c3 25. Bxc3 Bxc3 26. Rxb6 Bxd4+ 27. Ne3 Bxb6 28. Re2 $18) 24. Nxd2 Rb2 25. Rac1 Qa5 {[%emt 0:06:04] [#]} (25... Rxa2 26. Kg2 $18) (25... Kh8 $11 {remains equal.}) 26. Re2 $1 $16 Qc3 {[%emt 0:00:54] [#]} 27. Rh2 $1 Rxc2 $11 (27... Kf8 $2 28. Nf1 (28. Qxh7 Rxc2 29. Rxc2 Qxc2 $11) 28... Qxd4+ 29. Kh1 Rxc2 30. Rcxc2 $18) 28. Qxh7+ Kf8 29. Qh8+ Ke7 30. Qf6+ Kd7 {[%emt 0:00:04] Really sharp!} 31. Rxc2 Qxc2 32. Qxf7+ $2 (32. Rh7 $11 Qd1+ 33. Nf1 Qxd4+ 34. Kg2 Qe4+ 35. Kf2) 32... Re7 $19 33. Qf8 $2 (33. Qg8 {was the crucial defense.} Qd1+ 34. Nf1 Qxd4+ 35. Kg2 (35. Rf2 c3 $17) 35... Qe4+ 36. Kg1) 33... Qd1+ {[%emt 0:00:36] Black is clearly winning.} 34. Nf1 Qxd4+ 35. Kh1 Bb7 {[%emt 0:03:02] aiming for ...Qb6.} 36. Qb8 (36. f5 $142 Qe4+ 37. Kg1 exf5 38. Qb8 Qd4+ 39. Rf2) 36... Qb6 {[%emt 0:00:17] Threatens to win with ...d4+.} 37. Nd2 d4+ 38. Kg1 d3+ 39. Kf1 {[%emt 0:00:13] [#]} Bg2+ $1 {[%emt 0:00:03][%mdl 512] Weighted Error Value: White=0.66/Black=0.24 (precise)} 0-1

[Event "Polish Youth Ekstraliga 2022"]
[Site "Lublin"]
[Date "2022.06.29"]
[Round "5.21"]
[White "Sowinski, Pawel"]
[Black "Bartoszczuk, Adam"]
[Result "1-0"]
[ECO "B41"]
[WhiteElo "2060"]
[BlackElo "1662"]
[Annotator "TA"]
[PlyCount "73"]
[EventDate "2022.06.24"]
[EventType "team-tourn"]
[EventCountry "POL"]
[SourceTitle "playchess.com"]
[Source "ChessBase"]
[SourceQuality "1"]
[TimeControl "40/5400+30:1800+30"]

1. e4 c5 2. Nf3 e6 3. d4 cxd4 4. Nxd4 a6 5. c4 Nf6 6. Nc3 Qc7 7. Be3 Be7 {[%emt 0:01:08] B41: Sicilian: Kan Variation: 5 c4.} 8. Be2 d6 9. O-O {[%emt 0:00:03] 9.Rc1 is vanishing.} Nbd7 {[%emt 0:01:05] White is slightly better.} 10. h3 b6 {[%emt 0:00:29] [#]} 11. Rc1 $146 ({Predecessor:} 11. f4 Bb7 12. Qc2 O-O 13. f5 e5 14. Nb3 b5 15. cxb5 axb5 16. Rac1 Rac8 17. Qd2 {0-1 (36) Shoumi,M (1790)-Nitin,S (2303) Nagpur 2008}) 11... Bb7 12. f3 O-O 13. b4 Rac8 14. Qb3 Nh5 15. Rfd1 Qb8 16. f4 Ng3 17. Bd3 Nf6 18. Qb1 Qa8 19. e5 Nfe4 20. Na4 Bd8 (20... Qb8 $5 ) 21. exd6 Nxd6 22. c5 Ndf5 23. Bxf5 {[%emt 0:02:50] Active counter play!} exf5 24. Kh2 Re8 25. Re1 ({Much worse is} 25. Nxb6 Bxb6 26. Qd3 Bc7 $1 $15) 25... Nf1+ {[%emt 0:05:20] A mistake that costs the game.} 26. Rxf1 $18 {[%emt 0:00:09][%cal Ob1b2] aiming for Qb2!} Rxe3 27. Rce1 Rxe1 28. Rxe1 Bc7 $2 (28... Bc6 {keeps fighting.}) 29. Nxf5 {[%emt 0:02:16] Pair of Knights!} (29. Nxb6 $142 Bxb6 30. Nxf5 (30. cxb6 Be4 $11)) 29... Rd8 (29... Re8) 30. Qb2 Bxf4+ 31. Kg1 f6 {[%emt 0:00:18] Hoping for ...Rd2.} 32. Qb3+ $40 {[%emt 0:00:32][%mdl 128] White wants a kill.} (32. Nxb6 $142 Qb8 33. Qb3+ Kh8 34. Qf7) 32... Kf8 $2 (32... Bd5 33. Qd1 (33. Ne7+ Kf8 $16) 33... Be4) 33. Nxb6 {[%emt 0:03:17] White wants to mate with Re8+.} Qb8 {[%emt 0:00:24] [#]} 34. Re7 (34. Re8+ $142 $3 Rxe8 35. Nd7#) 34... Bh2+ 35. Kh1 {[%emt 0:00:06][%csl Ge7][%cal Rb3f7] White mates.} Bxg2+ 36. Kxg2 Rd2+ 37. Kh1 {[%emt 0:00:09] Weighted Error Value: White=0.29 (precise) /Black=0.69} 1-0

[Event "Polish Youth Ekstraliga 2022"]
[Site "Lublin"]
[Date "2022.06.29"]
[Round "5.22"]
[White "Kaszuba, Michal"]
[Black "Golis, Wiktor"]
[Result "0-1"]
[ECO "B13"]
[WhiteElo "1307"]
[BlackElo "1653"]
[Annotator "NA RC"]
[PlyCount "66"]
[EventDate "2022.06.24"]
[EventType "team-tourn"]
[EventCountry "POL"]
[SourceTitle "playchess.com"]
[Source "ChessBase"]
[SourceQuality "1"]
[TimeControl "40/5400+30:1800+30"]

1. e4 c6 2. d4 d5 3. exd5 cxd5 4. Bd3 Nc6 5. c3 Qc7 6. h3 g6 7. Nf3 Bf5 8. O-O Nf6 9. Qe2 Bxd3 10. Qxd3 Bg7 11. Nbd2 O-O 12. Re1 Rad8 13. Qe3 Nd7 14. b3 Rfe8 15. Ba3 e5 16. dxe5 Ncxe5 17. Nxe5 Bxe5 18. f4 Bxc3 19. Qxe8+ Rxe8 20. Rxe8+ Kg7 21. Rd1 Bd4+ 22. Kf1 Qc2 23. Ke2 Qxa2 24. Bb4 Qa6+ 25. Ke1 Qb5 26. Bd6 Qc6 27. Ba3 Nc5 28. Re2 Nd3+ 29. Kf1 Nxf4 30. Re7 Qa6+ 31. Nc4 dxc4 32. Bc1 c3+ 33. Ke1 Nxg2# 0-1

[Event "Polish Youth Ekstraliga 2022"]
[Site "Lublin"]
[Date "2022.06.29"]
[Round "5.23"]
[White "Wikar, Martyna"]
[Black "Goraj, Barbara"]
[Result "1-0"]
[ECO "B26"]
[WhiteElo "2197"]
[BlackElo "2035"]
[Annotator "TA"]
[PlyCount "107"]
[EventDate "2022.06.24"]
[EventType "team-tourn"]
[EventCountry "POL"]
[SourceTitle "playchess.com"]
[Source "ChessBase"]
[SourceQuality "1"]
[TimeControl "40/5400+30:1800+30"]

1. e4 c5 2. Nc3 Nc6 3. g3 g6 4. Bg2 Bg7 5. d3 d6 6. Be3 e6 7. Qd2 Rb8 8. h4 b5 {[%emt 0:09:25][%cal Bb7b5,Bb5b4][%mdl 32] B26: Closed Sicilian: 3 g3, lines with early Be3.} 9. Nh3 (9. h5 $11) 9... b4 $15 10. Nd1 {[%emt 0:00:22][%cal Oh4h5] [#]} a5 $146 {[%emt 0:02:05] Black is slightly better.} ({Predecessor:} 10... Bd7 11. f3 Qa5 12. h5 Nd4 13. h6 Bf6 14. Bg5 Bxg5 15. Nxg5 f6 16. Nh3 Ne7 {1-0 (44) Efler,L (2300)-Hadraba,V (2250) Czech Republic 1998}) 11. O-O a4 12. Rb1 Nd4 13. f4 Ne7 14. Rc1 O-O 15. c3 bxc3 16. bxc3 Nb5 17. h5 f5 18. hxg6 Nxg6 19. exf5 Rxf5 20. Be4 Rf6 21. g4 (21. Qh2 $14) 21... d5 22. Bh1 (22. g5 $2 Rf7 23. Bxg6 hxg6 24. Bxc5 e5 $19) (22. Bg2 $15) 22... Qd6 (22... d4 $17 23. cxd4 cxd4) 23. Qh2 Ne7 (23... d4 24. cxd4 cxd4 25. Bd2 $16) 24. f5 {[%emt 0:10:36] Prevents Rg6.} Qxh2+ (24... exf5 $2 25. Bf4 Qb6 26. Bxb8 $18) 25. Kxh2 exf5 26. g5 $132 {[%emt 0:02:53][%mdl 2048] White is not holding back} Re6 {[%emt 0:02:52][%cal Ob5c3] Hoping for ...Nxc3!} 27. Bxc5 {[%emt 0:02:25] Black should prevent d4.} Re2+ (27... Be5+ $11 28. Kg1 Bd7) 28. Kg3 (28. Kg1 $16 {aiming for Nf4.} Ng6 29. Bxd5+ Be6 30. Bxe6+ Rxe6 31. Rb1 (31. Rxf5 Rc8 $14)) 28... Ng6 (28... Be5+ $11 29. Nf4 Ng6 30. Bxd5+ Kg7) 29. Bxd5+ $16 Kh8 30. d4 {[%emt 0:04:06] Inhibits Be5+.} Bd7 {[%emt 0:01:14] [#]} (30... Bb7 $142 31. Bxb7 (31. Rxf5 Bxd5 32. Rxd5 Nc7 $16) 31... Rxb7) 31. Nf4 {[%emt 0:02:06] Really sharp!} (31. Rb1 $1 $16) 31... Nxf4 $14 32. Rxf4 {[%emt 0:01:45] Rb1 is the strong threat.} Rbe8 ({Better is} 32... Nc7 $14 33. Bc4 Re1) 33. Nf2 ({White should try} 33. c4 $16 Nc7 34. Bf7) 33... Nc7 $11 34. Bc4 Rd2 35. Rd1 Rc2 36. Bb4 Bf8 37. Bxf8 (37. Rb1 $11) 37... Rxc3+ $15 38. Rd3 Rxd3+ {[%emt 0:00:17][%mdl 8192] Black cannot hold the game after this.} (38... Rxc4 $15 39. Bd6 Nd5 40. Be5+ Kg8) 39. Nxd3 $18 Rxf8 {[%emt 0:00:06] [#]} 40. d5 {[%emt 0:00:00][%cal Bd4d5,Bd5d6][%mdl 32] Prevents Be6. And now Nc5 would win.} Kg7 $2 (40... Ne8 41. Nc5 Bc8) 41. Nc5 Rd8 42. d6 Ne8 43. Nxd7 {[%emt 0:01:41] Black must now prevent Nc5.} ({Resist} 43. Be6 Bc6 44. d7 (44. Bxf5 Rxd6 45. Ne6+ Kf7 $18) (44. Rxf5 Nxd6 45. Rf4 Re8 $14) 44... Nd6 45. Bxf5 Nxf5+ 46. Rxf5 Bxd7) 43... Rxd7 {[%emt 0:01:22][%mdl 4096] Endgame KRB-KRN} 44. Bb5 Rd8 (44... Rxd6 $142 45. Bxe8 Rd8) 45. Bxe8 Rxe8 46. Rxa4 {[%emt 0:03:02] White wants to mate with Rd4. KR-KR} Re3+ (46... Rd8 $18 47. Rd4 Kg6) 47. Kf4 {[%emt 0:00:37] White mates.} Rd3 48. Ke5 Kg6 49. Rd4 Re3+ 50. Kf4 Re8 51. d7 Rd8 52. a4 Kf7 53. Kxf5 Ke7 54. Ke4 {Weighted Error Value: White=0.31/Black=0.63} 1-0

[Event "Polish Youth Ekstraliga 2022"]
[Site "Lublin"]
[Date "2022.06.29"]
[Round "5.24"]
[White "Jaros, Emilia"]
[Black "Natoli, Alessia"]
[Result "0-1"]
[ECO "B07"]
[WhiteElo "1366"]
[BlackElo "1680"]
[Annotator "NA RC"]
[PlyCount "76"]
[EventDate "2022.06.24"]
[EventType "team-tourn"]
[EventCountry "POL"]
[SourceTitle "playchess.com"]
[Source "ChessBase"]
[SourceQuality "1"]
[TimeControl "40/5400+30:1800+30"]

1. e4 d6 2. d4 Nf6 3. Nc3 e5 4. Nge2 Nbd7 5. a4 Be7 6. Ng3 O-O 7. Bc4 c6 8. O-O Re8 9. Be3 Bf8 10. Bb3 b6 11. f4 Bb7 12. fxe5 dxe5 13. Nh5 Be7 14. Nxf6+ Bxf6 15. d5 Rf8 16. Qg4 g6 17. dxc6 Bxc6 18. Nd5 Bxd5 19. Bxd5 Rc8 20. Rf2 h5 21. Qxg6+ Kh8 22. Rxf6 fxg6 23. Rxg6 Rf6 24. Rg5 Qe8 25. Rd1 Nf8 26. c4 Nh7 27. Rg3 Qxa4 28. Rc1 Qa2 29. Rh3 Qxb2 30. Rxh5 Qe2 31. Rh3 Rcf8 32. Rf3 Rxf3 33. gxf3 Qxe3+ 34. Kg2 Qxc1 35. h4 Qe3 36. Kh2 Rxf3 37. Be6 Rf2+ 38. Kg1 Qe1# 0-1

[Event "Polish Youth Ekstraliga 2022"]
[Site "Lublin"]
[Date "2022.06.29"]
[Round "5.25"]
[White "Ciborowski, Konrad Jr"]
[Black "Niedbala, Bartlomiej"]
[Result "1/2-1/2"]
[ECO "B90"]
[WhiteElo "1927"]
[BlackElo "2384"]
[Annotator "TA"]
[PlyCount "97"]
[EventDate "2022.06.24"]
[EventType "team-tourn"]
[EventCountry "POL"]
[SourceTitle "playchess.com"]
[Source "ChessBase"]
[SourceQuality "1"]
[TimeControl "40/5400+30:1800+30"]

1. e4 c5 2. Nf3 d6 3. d4 cxd4 4. Nxd4 Nf6 5. Nc3 a6 6. Bc4 e6 7. Bb3 Nbd7 8. g4 Nc5 9. Qe2 {[%emt 0:00:09] B86: Sicilian Scheveningen/Najdorf: 6 Bc4, without early ...b5.} b5 10. g5 b4 11. gxf6 bxc3 12. fxg7 Bxg7 13. bxc3 Qh4 14. Rg1 Be5 {[%emt 0:04:01] [#]} 15. Bd2 $146 ({White should play} 15. Be3 $11) ({Predecessor:} 15. Be3 Qxe4 16. O-O-O Bf4 17. Bxf4 Qxf4+ 18. Kb2 Bd7 19. Rg4 Qf6 20. Rg3 Rb8 21. Rf3 {1-0 (40) Novita,A (2381)-Turqueza,M (2290) Penang 2019}) 15... Qxe4 $15 (15... Nxe4 $2 16. Nf3 Qxf2+ 17. Qxf2 $18) 16. Qxe4 Nxe4 17. f4 Nxd2 (17... Bf6 $15) 18. fxe5 $14 Nxb3 19. axb3 dxe5 20. Nc6 Bb7 21. Nxe5 {[%emt 0:00:37] 0x0.001764296392dp-1022s more active pieces. The black rooks are badly placed.} Rc8 22. Rg7 Rc5 23. Nxf7 {[%emt 0:02:41] White wants to mate with Nd6+.} Kf8 24. Rg5 (24. Nxh8 $2 Re5+ 25. Kd2 Kxg7 26. Rg1+ Kxh8 $19) 24... Rxg5 25. Nxg5 {[%emt 0:00:04][%mdl 4096] Endgame KRB-KRN} Rg8 $1 26. Nxh7+ (26. Nxe6+ $2 Ke7 27. O-O-O Kxe6 $17) 26... Ke7 {[%emt 0:01:21] White must now prevent ...Rg1+.} 27. Ra4 Rg2 $1 28. Rh4 Rxc2 29. Rh3 Be4 30. Ng5 Bf5 31. Re3 Rxh2 32. b4 Kd6 33. Nf3 Rh3 34. Kd2 Bg4 35. Rd3+ Ke7 36. Ne5 Rh2+ 37. Ke3 Re2+ 38. Kd4 Bf5 {[%emt 0:00:29] And now ...Re4+ would win.} 39. Re3 {[%emt 0:00:46] Prevents Re4+.} Rd2+ (39... Rxe3 $11 40. Kxe3 Kd6) 40. Kc5 $1 $16 Rd1 {[%emt 0:00:00] [#]} (40... Kf6 $16 {was worth a try.}) 41. Kb6 $1 $18 Ra1 42. Nc6+ Kd6 $2 {[%emt 0:00:45] [#]} (42... Kf6 43. c4 Kg5) 43. Na5 $2 ({White must play} 43. c4 $1 $18 ) 43... Kd5 $14 44. Re2 (44. Kxa6 $16 {Hoping for c4+.} e5 45. Rf3) 44... Bd3 $11 {[%emt 0:11:04] Against c4+} 45. Rd2 Ke4 46. Nb3 Ke3 {[%emt 0:00:25] The position is equal.} 47. Rxd3+ Kxd3 48. Nxa1 Kxc3 49. Nc2 {[%emt 0:04:33] Weighted Error Value: White=0.25 (precise) /Black=0.19 (very precise)} 1/2-1/2

[Event "Polish Youth Ekstraliga 2022"]
[Site "Lublin"]
[Date "2022.06.29"]
[Round "5.26"]
[White "Redzisz, Michal"]
[Black "Wydmanski, Szymon"]
[Result "1-0"]
[ECO "A61"]
[WhiteElo "2236"]
[BlackElo "1815"]
[Annotator "TA"]
[PlyCount "113"]
[EventDate "2022.06.24"]
[EventType "team-tourn"]
[EventCountry "POL"]
[SourceTitle "playchess.com"]
[Source "ChessBase"]
[SourceQuality "1"]
[TimeControl "40/5400+30:1800+30"]

1. d4 Nf6 2. c4 c5 3. d5 e6 4. Nc3 exd5 5. cxd5 d6 6. Nf3 g6 7. Nd2 Nbd7 8. e4 Bg7 9. Be2 O-O 10. O-O Re8 11. Qc2 Ne5 12. a4 g5 {[%emt 0:05:11] 12...a6 gains popularity.} 13. Ra3 Qe7 {[%emt 0:11:30] A77: Modern Benoni: Classical: 9...Re8 10 Nd2: 10...a6 and 10...Nbd7.} 14. Re1 {[%emt 0:06:28] [#]} Nfd7 $146 (14... Nfg4 $14) ({Predecessor:} 14... a6 15. a5 Rb8 16. Nf1 h6 17. Ng3 Ng6 18. Na4 Nh4 19. Bd2 Bd7 20. Nb6 Bb5 21. Bc3 {½-½ (46) Van der Sterren,P (2515)-Maiwald,J (2495) Germany 1997}) 15. Nd1 Ng6 {[%emt 0:08:35] White is better.} 16. Ne3 Nf6 17. Bb5 Rd8 18. a5 Ng4 19. Ndf1 Nxe3 20. Bxe3 Qe5 (20... Rb8 $14) 21. Rb3 (21. b4 $142) 21... f5 (21... Qe7 $16) 22. exf5 $18 (22. Bxg5 $6 Rf8 $16) 22... Bxf5 23. Qd2 Nf4 24. Ng3 {[%emt 0:01:18] Against Qe4. Bxf4 is the strong threat.} Bg6 25. h4 h6 (25... Nxd5 $2 26. Bxg5 (26. Bxc5 Qf4 $18) 26... Qd4 27. Qxd4 Bxd4 28. Bxd8 $18) (25... Qxd5 $2 26. Qxd5+ Nxd5 27. Bc4 $18) (25... a6 $16 26. hxg5 Rf8) 26. hxg5 hxg5 27. Bc4 Qf6 (27... b6 $16) 28. Rxb7 Rab8 29. Rxb8 (29. Rxa7 Rxb2 30. Qd1 Rf8 $11) (29. a6 $18) 29... Rxb8 $14 30. b3 Qc3 31. Ne2 Qxd2 32. Bxd2 Nd3 33. Bxd3 Bxd3 34. Nc1 c4 (34... Bb5 $14) 35. Nxd3 $16 (35. Bxg5 Rxb3 36. Re8+ (36. Nxb3 cxb3 37. Bc1 b2 $11) 36... Kf7 37. Re7+ Kf8 $14) 35... cxd3 {[%emt 0:00:05][%mdl 4096] Endgame [#] KRB-KRB} 36. b4 ({Don't play} 36. Bxg5 Rxb3 37. Rd1 Ra3 $16) 36... Rb5 37. Rb1 ({Much less strong is} 37. Bxg5 $6 Bc3 38. Rd1 (38. Re8+ Kf7 $17) 38... Bxb4 $14) 37... Rxd5 $2 {[%emt 0:00:32] [#]} (37... g4 38. Rb3 Rxd5) 38. b5 $1 $18 {[%emt 0:00:04] Threatens to win with b6.} Bd4 39. b6 {[%emt 0:00:43] White wants to mate with b7.} axb6 40. axb6 {[%emt 0:00:00] Hoping for b7.} Rf5 41. b7 Bxf2+ 42. Kh2 Ba7 43. b8=R+ Bxb8 44. Rxb8+ {[%emt 0:00:03] KRB-KR} Kf7 45. Rb3 Rd5 46. Kg3 Kg6 47. Kf3 Rf5+ 48. Kg3 Rd5 49. Ra3 Rd4 50. Kf3 Kh5 51. g3 d5 52. Rb3 {[%emt 0:01:32] Intending Rb4 and mate.} Kg6 53. Rb4 {[%emt 0:04:15] White mates.} Rc4 54. Rxc4 dxc4 55. Ke4 g4 56. Ke5 Kh5 57. Ke4 $2 {[%mdl 32768] Weighted Error Value: White=0.28 (precise) /Black=0.43. Sensor Board Error (Ke4/e5)?} (57. Kf4 {mates} Kg6 58. Ke5 Kf7 59. Kd4 Kg7 60. Kxc4 Kf6 61. Kxd3 Kf5 62. Bc3) 1-0

[Event "Polish Youth Ekstraliga 2022"]
[Site "Lublin"]
[Date "2022.06.29"]
[Round "5.27"]
[White "Wolak, Maciej"]
[Black "Warchol, Kamil"]
[Result "0-1"]
[ECO "B59"]
[WhiteElo "1316"]
[BlackElo "2079"]
[Annotator "NA RC"]
[PlyCount "57"]
[EventDate "2022.06.24"]
[EventType "team-tourn"]
[EventCountry "POL"]
[SourceTitle "playchess.com"]
[Source "ChessBase"]
[SourceQuality "1"]
[TimeControl "40/5400+30:1800+30"]

1. e4 c5 2. Nf3 d6 3. d4 cxd4 4. Nxd4 Nf6 5. Nc3 Nc6 6. Be2 e5 7. Nb3 Be7 8. Be3 O-O 9. O-O a5 10. f3 Be6 11. Nd5 a4 12. Nc1 Bxd5 13. exd5 Nb8 14. c4 Nbd7 15. b3 Nh5 16. Nd3 Qc7 17. Rc1 axb3 18. Qxb3 Rfc8 19. Rc2 Kh8 20. f4 Nxf4 21. Nxf4 exf4 22. Bxf4 Nf6 23. Bd3 Qc5+ 24. Kh1 Rc7 25. h3 Ra3 26. Qb1 Rxd3 27. Rb2 Qxc4 28. Rxb7 $19 Rc3 29. Bg5 0-1

[Event "Polish Youth Ekstraliga 2022"]
[Site "Lublin"]
[Date "2022.06.29"]
[Round "5.28"]
[White "Krol, Jan"]
[Black "Kania, Franciszek"]
[Result "0-1"]
[ECO "B36"]
[WhiteElo "1668"]
[BlackElo "1523"]
[Annotator "NA RC"]
[PlyCount "138"]
[EventDate "2022.06.24"]
[EventType "team-tourn"]
[EventCountry "POL"]
[SourceTitle "playchess.com"]
[Source "ChessBase"]
[SourceQuality "1"]
[TimeControl "40/5400+30:1800+30"]

1. e4 c5 2. Nf3 Nc6 3. d4 cxd4 4. Nxd4 g6 5. c4 Nf6 6. Nc3 d6 7. Be2 Nxd4 8. Qxd4 Bg7 9. Be3 O-O 10. Qd2 a5 11. f3 a4 12. Rb1 Qa5 13. O-O Be6 14. b4 axb3 15. Rxb3 Nd7 16. Rc1 Nc5 17. Rb5 Qa3 18. Rc2 f5 19. Nd5 Bxd5 20. exd5 Rfc8 21. Bf1 Rc7 22. Qe2 Kh8 23. Qd2 Qa4 24. h4 Rac8 25. Bd4 Bxd4+ 26. Qxd4+ Kg8 27. Rcb2 Rf8 28. Qf4 Qd1 29. Rb1 Qc2 30. R1b2 Qc3 31. h5 Qf6 32. hxg6 hxg6 33. Rd2 Kg7 34. Qd4 Qxd4+ 35. Rxd4 Ra8 36. Rd2 Ra3 37. Kf2 Kf6 38. Be2 f4 39. Rb1 Rc8 40. Bd1 Re3 41. Bb3 Rh8 42. Bc2 Rc3 43. Bb3 Re3 44. Bc2 Ra8 45. Bb3 Ra3 46. Kg1 Ke5 47. Bd1 Rac3 48. Be2 g5 49. Bf1 Ra3 50. Rbb2 Re1 51. Re2+ Re3 52. Rxe1 Rxe1 53. Kf2 Re3 54. a4 Kd4 55. Ra2 Kc3 56. a5 Kb3 57. Ra1 Kb2 58. Rd1 Nb3 59. Bd3 Kc3 60. Be4 Kxc4 61. g4 Nc5 62. Rc1+ Kb5 63. Bf5 Kxa5 64. Rh1 Nd3+ 65. Bxd3 Rxd3 66. Re1 Rxd5 67. Rxe7 b5 68. Rf7 b4 69. Rf5 Rc5 0-1

[Event "Polish Youth Ekstraliga 2022"]
[Site "Lublin"]
[Date "2022.06.29"]
[Round "5.29"]
[White "Dylag, Emilia"]
[Black "Adamczyk, Zuzanna"]
[Result "1/2-1/2"]
[ECO "D11"]
[WhiteElo "2022"]
[BlackElo "1909"]
[Annotator "TA"]
[PlyCount "119"]
[EventDate "2022.06.24"]
[EventType "team-tourn"]
[EventCountry "POL"]
[SourceTitle "playchess.com"]
[Source "ChessBase"]
[SourceQuality "1"]
[TimeControl "40/5400+30:1800+30"]

1. d4 d5 2. c4 c6 3. Nf3 Nf6 4. Qc2 dxc4 5. Qxc4 Bg4 6. Nc3 {[%emt 0:03:20] D23: Queen's Gambit Accepted: 3 Nf3 Nf6 sidelines.} Nbd7 7. e4 {[%emt 0:09:53] 7.Bf4 is the modern continuation.} Bxf3 8. gxf3 e5 9. dxe5 Nxe5 10. Qe2 Bc5 11. Be3 (11. Bd2 {is interesting.} Nh5 12. f4 Qxd2+ 13. Kxd2 Nxf4 14. Qd1) 11... Bxe3 12. fxe3 {[%emt 0:01:36] [#]} O-O $146 ({Predecessor:} 12... g5 13. Rd1 {½-½ (13) Khenkin,I (2602)-Avrukh,B (2628) Maalot Tarshiha 2008}) 13. f4 Ng6 14. Bg2 Nh4 15. Bh3 b5 16. Rd1 Qa5 17. O-O b4 18. e5 bxc3 19. exf6 {[%emt 0:00:14] And now Qg4 would win.} g6 (19... cxb2 $1 $11 20. Qxb2 Qh5) 20. Qf2 $14 Qh5 21. bxc3 {[%emt 0:02:19] Black must now prevent Bd7.} Rad8 22. Rd7 (22. Rxd8 $1 $16 Rxd8 23. e4) 22... Nf5 $11 23. Rxd8 Rxd8 24. Bg2 $40 {[%emt 0:01:45][%cal Bh3g2,Bg2c6,Bc6e4][%mdl 160] Black needs to defend precisely.} Qh4 $2 (24... Nh4 $11 {and Black has nothing to worry.}) 25. Qxh4 $18 ({Weaker is} 25. Bxc6 Qxf6 26. Be4 Qxc3 27. Bxf5 gxf5 $11) 25... Nxh4 26. Bxc6 {[%emt 0:01:39][%mdl 4096] Endgame KRB-KRN} Rd6 27. Be4 {[%emt 0:03:00] c4 is the strong threat.} Rxf6 28. Rd1 (28. Kf2 $142) 28... Re6 $16 29. Rd4 Kg7 (29... Nf5 $142 30. Bxf5 gxf5) 30. Kf2 Nf5 31. Bxf5 gxf5 {[%emt 0:00:03] KR-KR} 32. c4 Rh6 33. Kg2 Ra6 34. Rd2 Ra3 (34... Kf6 $16) 35. Rc2 $1 $18 Rxe3 36. c5 Re7 37. c6 {[%emt 0:01:05] Threatens to win with c7.} Rc7 38. Rc5 Kf6 39. Kg3 Ke6 {[%emt 0:00:25] [#]} 40. Kh4 $1 {[%emt 0:00:00] White is more active.} Kd6 41. Rxf5 Kxc6 {[%emt 0:02:10] [#]} 42. Kg5 $1 Kd6 43. h4 {[%emt 0:04:08] aiming for Kf6.} Ke7 44. a4 (44. Kh6 $16) 44... Rc6 $1 $11 {[%emt 0:04:32] The position is equal.} 45. Rb5 Kf8 46. f5 Kg7 47. a5 h6+ 48. Kh5 Rd6 49. Rc5 Ra6 50. Kg4 Rd6 51. Rb5 Rd4+ 52. Kh5 Rd6 53. Rc5 Ra6 54. Kg4 Rd6 55. Kf3 Rd4 56. Rc7 Rxh4 57. Rxa7 Ra4 58. Ra6 Rc4 59. Kg3 Ra4 60. Kh3 {[%emt 0:03:38] Blacks defense is rewarded with a draw.  Weighted Error Value: White=0.10 (very precise) /Black=0.15 (very precise)} 1/2-1/2

[Event "Polish Youth Ekstraliga 2022"]
[Site "Lublin"]
[Date "2022.06.29"]
[Round "5.30"]
[White "Gaszka, Zuzanna"]
[Black "Bandyk, Joanna"]
[Result "1-0"]
[ECO "B93"]
[WhiteElo "1621"]
[BlackElo "1360"]
[Annotator "NA RC"]
[PlyCount "45"]
[EventDate "2022.06.24"]
[EventType "team-tourn"]
[EventCountry "POL"]
[SourceTitle "playchess.com"]
[Source "ChessBase"]
[SourceQuality "1"]
[TimeControl "40/5400+30:1800+30"]

1. e4 c5 2. Nf3 d6 3. d4 cxd4 4. Nxd4 Nf6 5. Nc3 a6 6. f4 e5 7. Nf3 Qc7 8. Bd3 Nbd7 9. O-O Be7 10. Kh1 O-O 11. fxe5 dxe5 12. Nh4 Nc5 13. Bg5 Nfxe4 14. Nd5 Nxd3 15. cxd3 Qc5 16. Nxe7+ Kh8 17. dxe4 f6 18. Qh5 g6 19. Nexg6+ Kg8 20. Nxf8 Kxf8 21. Rxf6+ Ke7 22. Qf7+ Kd8 23. Rd6# 1-0